 Dungeon Crawl Stone Soup version 0.27.1-33-g824d729ab1 (webtiles) character file.

Game seed: 11002869458625493491

23660 Garessta the Destroyer (level 12, -31/84 HPs)
             Began as a Demonspawn Conjurer on Dec 15, 2021.
             Was an Elder of Kikubaaqudgha.
             Shot with a bolt by a yaktaur captain (38 damage)
             ... on level 13 of the Dungeon.
             The game lasted 00:50:36 (15724 turns).

Garessta the Destroyer (Demonspawn Conjurer)       Turns: 15724, Time: 00:50:37

Health: -31/84     AC: 12    Str:  9    XL:     12   Next: 73%
Magic:  25/25      EV: 13    Int: 23    God:    Kikubaaqudgha [****..]
Gold:   866        SH:  0    Dex: 12    Spells: 17/30 levels left

rFire    . . .     SeeInvis .   k - staff of conjuration
rCold    . . .     Faith    +   (no shield)
rNeg     . . .     Spirit   .   q - +1 steam dragon scales
rPois    .         Reflect  .   l - +2 hat "Liozim" {Stlth+}
rElec    .         Harm     .   e - +0 cloak
rCorr    .         Rampage  .   x - +0 pair of gloves
Will     .....                  C - +1 pair of boots
Stlth    +++.......             o - amulet of faith
HPRegen  0.24/turn              p - +4 ring of slaying
MPRegen  0.19/turn              (no ring)

@: no status effects
A: talons 1, ignite blood 2, powered by death 2, sturdy frame 2
a: Renounce Religion, Receive Corpses


You were on level 13 of the Dungeon.
You worshipped Kikubaaqudgha.
Kikubaaqudgha was greatly pleased with you.
You visited 2 branches of the dungeon, and saw 14 of its levels.

You collected 904 gold pieces.
You spent 38 gold pieces at shops.

Inventory:

Armour
 e - a +0 cloak (worn)
 l - the +2 hat "Liozim" (worn) {Stlth+}
   (You found it on level 6 of the Dungeon)

   Stlth:     It makes you more stealthy.
 q - +1 steam dragon scales (worn)
 x - a +0 pair of gloves (worn)
 C - a +1 pair of boots (worn)
Magical Staves
 k - a staff of conjuration (weapon)
Jewellery
 f - a ring of ice
 o - an amulet of faith (around neck)
 p - a +4 ring of slaying (left hand)
 r - an amulet of the acrobat
Wands
 m - a wand of flame (39)
 n - a wand of iceblast (9)
 s - a wand of polymorph (29)
 t - a wand of charming (10)
 u - a wand of digging (9)
 B - a wand of mindburst (11)
Scrolls
 i - 3 scrolls of fear
 v - 3 scrolls of amnesia
 w - a scroll of teleportation
 D - a scroll of identify
 F - a scroll of enchant weapon
Potions
 a - 3 potions of resistance
 b - 2 potions of flight {unknown}
 c - a potion of heal wounds {unknown}
 d - 4 potions of might
 g - a potion of ambrosia {unknown}
 h - 5 potions of curing
 j - 2 potions of brilliance
 z - 4 potions of haste
 A - 2 potions of attraction {unknown}
 E - a potion of magic {unknown}


   Skills:
 + Level 4.3 Fighting
 + Level 4.5 Dodging
 - Level 1.7 Stealth
 + Level 9.9 Spellcasting
 * Level 13.7 Conjurations
 + Level 8.9 Necromancy
 - Level 7.6 Translocations


You had 17 spell levels left.
You knew the following spells:

 Your Spells              Type           Power      Damage    Failure   Level
a - Magic Dart            Conj           100%       1d8       1%          1
b - Searing Ray           Conj           100%       3d7       1%          2
c - Iskenderun's Mystic   Conj/Tloc      74%        2d15      1%          4
d - Sublimation of Blood  Necr           25%        N/A       1%          2
e - Hailstorm             Conj/Ice       59%        3d13      3%          4

Your spell library contained the following spells:

 Spells                   Type           Power      Damage    Failure   Level
 Pain                     Necr           100%       1d9       1%          1
 Corpse Rot               Necr/Air       N/A        N/A       1%          2
 Dazzling Flash           Conj/Hex       100%       N/A       1%          3
 Vampiric Draining        Necr           25%        2d9       1%          3
 Animate Dead             Necr           25%        N/A       1%          4
 Dispel Undead            Necr           51%        3d19      1%          4
 Fulminant Prism          Conj/Hex       29%        3d14      3%          4
 Agony                    Necr           51%        N/A       4%          5
 Excruciating Wounds      Necr           25%        N/A       4%          5
 Freeze                   Ice            44%        1d6       6%          1
 Irradiate                Conj/Tmut      29%        3d23      10%         5
 Frozen Ramparts          Ice            22%        1d4       17%         3
 Ozocubu's Armour         Ice            11%        N/A       17%         3
 Death Channel            Necr           25%        N/A       22%         6
 Petrify                  Tmut/Erth      11%        N/A       50%         4
 Simulacrum               Ice/Necr       16%        N/A       80%         6
 Lee's Rapid Deconstruct  Erth           5%         3d7*      85%         5
 Metabolic Englaciation   Hex/Ice        5%         N/A       85%         5


Dungeon Overview and Level Annotations

Branches:
Dungeon (13/15)            Temple (1/1) D:7            Lair (0/6) D:10
    Orc (0/2) D:10
 Vaults: D:13-14

Altars:
Ashenzari
Cheibriados
Dithmenos
Elyvilon
Fedhas
Gozag
Hepliaklqana
Kikubaaqudgha
Makhleb
Nemelex Xobeh
Okawaru
Qazlal
Ru
Sif Muna
Trog
Uskayaw
Vehumet
Wu Jian
Xom
Yredelemnul
Zin
The Shining One

Shops:
D:6 **   D:8 *

Annotations:
D:11 2 runed translucent doors, Cykl0x's ghost, journeyman GrTm


Innate Abilities, Weirdness & Mutations

You have sharp toenails.
Your demonic aura often causes spilled blood to erupt in flames.
You regenerate health from kills.
Your movements are less encumbered by armour. (ER -4)


Message History

You feel a surge of power!
The magic dart hits the yaktaur captain!
The yaktaur captain is lightly wounded.
The yaktaur captain is engulfed in blazing flames.
The yaktaur captain wields a +0 arbalest.
The yaktaur captain shoots a bolt.
The bolt hits you!!
You start resting.
A yaktaur captain is nearby!
Aiming: Searing Ray (safe; 1% risk of failure)
Press: ? - help, Q - select action, (/) - cycle Shift-Dir - straight line, f/p - yaktaur captain
Aim: a yaktaur captain, wielding a +0 arbalest and quivering bolts (lightly wounded, 94% to hit)
You feel a surge of power!
The searing ray hits the yaktaur captain.
The yaktaur captain is lightly wounded. (Press . to maintain the ray.)
The yaktaur captain is engulfed in blazing flames.
The yaktaur captain shoots a bolt.
The bolt misses you.
The searing ray misses the yaktaur captain.
The yaktaur captain is engulfed in blazing flames.
The yaktaur captain shoots a bolt.
The bolt hits you!!
A yaktaur comes into view.
As you read the scroll of teleportation, it crumbles to dust.
You feel strangely unstable.
A yaktaur comes into view.
Your surroundings suddenly seem different.
The yaktaur moves out of view.
You start resting.
Magic restored.
You start resting.
A yaktaur captain is nearby!
The yaktaur captain shouts!
The yaktaur captain shoots a bolt.
The bolt hits you!
* * * LOW HITPOINT WARNING * * *
Okay, then.
The yaktaur captain shoots a bolt.
The bolt hits you!!
* * * LOW HITPOINT WARNING * * *
Unknown command.
The yaktaur captain shoots a bolt.
The bolt hits you!!!
You die...
Kikubaaqudgha rasps: "You have failed me!
Welcome... death!"

#.##........#...............
#..........c#...............
#...........#...............
#.###.......#...............
#.# #.......#...............
#.# #......○#...............
#.# #.......#..........####.
#.# #.......#.............#.
#.# #......@#.........cc..#
#.# #.......#.............#.
#.# #.......#............c#.
#.###.......#......#c# c...
#...........#........# ....
#..................#.###..J.
##################..........
#.#.#.#.... #..........


You could see a yaktaur captain.

Vanquished Creatures
  2 hydras (D:12)
  5 two-headed ogres
  Urug (D:12)
  Pikel (D:6)
  2 cyclopes
  A gargoyle (D:12)
  2 kobold demonologists (D:11)
  3 unseen horrors
  Psyche (D:11)
  2 trolls
  Prince Ribbit (D:6)
  40 yaks
  2 shadows (D:11)
  3 wyverns (D:10)
  Grum (D:9)
  3 wraiths
  Eustachio (D:5)
  3 vampire mosquitoes (D:13)
  2 steam dragons
  6 water moccasins
  An acid dragon (D:10)
  2 orc warriors
  A swamp drake (D:10)
  2 black bears
  2 centaurs
  2 necrophages
  8 ogres
  3 boggarts (D:11)
  2 wolves (D:9)
  A phantom (D:5)
  6 kobold brigands
  6 bullfrogs
  A gnoll sergeant (D:12)
  Blork the orc (D:5)
  2 scorpions
  A water moccasin zombie (D:6)
  A wyvern skeleton (D:7)
  5 killer bees (D:9)
  4 howler monkeys
  A bullfrog zombie (D:5)
  9 centaur zombies
  7 orc priests
  Crazy Yiuf (D:2)
  A centaur skeleton (D:4)
  A hound (D:5)
  A bullfrog skeleton (D:6)
  6 orc wizards
  A killer bee zombie (D:7)
  2 hound skeletons (D:4)
  14 gnolls
  5 adders
  A shadow imp (D:6)
  2 white imps
  3 worms
  27 orcs
  8 ball pythons
  7 endoplasms
  A giant cockroach (D:1)
  9 goblins
  4 hobgoblins
  10 jackals (D:1)
  11 kobolds
  2 quokkas
  3 bats
  2 frilled lizards (D:1)
  2 rats
274 creatures vanquished.

Vanquished Creatures (others)
  A troll (D:9)
  A yak (D:9)
  An orc warrior (D:9)
  A centaur (D:9)
  A kobold brigand (D:9)
  A howler monkey zombie (D:9)
  3 fungi (D:10)
  152 plants
161 creatures vanquished.

Grand Total: 435 creatures vanquished

Notes
Turn   | Place    | Note
-------+----------+-------------------------------------------
     0 | D:1      | Garessta the Demonspawn Conjurer began the quest for the
                  | Orb.
     0 | D:1      | Reached XP level 1. HP: 13/13 MP: 3/3
   399 | D:1      | Gained mutation: Your movements are slightly less
                  | encumbered by armour. (ER -2) [demonic ancestry]
   399 | D:1      | Reached XP level 2. HP: 19/19 MP: 0/5
   715 | D:1      | Learned a level 2 spell: Searing Ray
  1073 | D:1      | Gained mutation: You regenerate a little health from kills.
                  | [demonic ancestry]
  1073 | D:1      | Reached XP level 3. HP: 24/24 MP: 4/6
  1817 | D:2      | Found a faded altar of an unknown god.
  2008 | D:2      | Reached skill level 5 in Conjurations
  2078 | D:2      | Found a runed translucent door.
  2079 | D:2      | Noticed Crazy Yiuf
  2355 | D:2      | Killed Crazy Yiuf
  2356 | D:2      | Gained mutation: You regenerate health from kills. [demonic
                  | ancestry]
  2356 | D:2      | Reached XP level 4. HP: 30/30 MP: 2/8
  2560 | D:3      | Found a bloodstained altar of Trog.
  3455 | D:4      | Gained mutation: Your movements are less encumbered by
                  | armour. (ER -4) [demonic ancestry]
  3455 | D:4      | Reached XP level 5. HP: 32/35 MP: 3/9
  3512 | D:4      | Found an opulent altar of Gozag.
  3543 | D:4      | Found an opulent altar of Gozag.
  3606 | D:4      | Found an opulent altar of Gozag.
  3614 | D:4      | Found an opulent altar of Gozag.
  3648 | D:4      | Noticed an ogre
  3670 | D:3      | Learned a level 4 spell: Iskenderun's Mystic Blast
  3702 | D:4      | Noticed a black bear
  3710 | D:4      | Killed a black bear
  3711 | D:4      | Reached skill level 6 in Conjurations
  3711 | D:4      | Reached skill level 1 in Translocations
  3711 | D:4      | Gained mutation: Your demonic aura sometimes causes spilled
                  | blood to erupt in flames. [demonic ancestry]
  3711 | D:4      | Reached XP level 6. HP: 41/41 MP: 1/11
  3831 | D:4      | Found an ornate altar of the Wu Jian Council.
  4297 | D:5      | Entered Level 5 of the Dungeon
  4313 | D:5      | Identified a scroll of acquirement
  4313 | D:5      | Acquired a staff of conjuration
  4423 | D:5      | Noticed Blork the orc
  4432 | D:5      | Killed Blork the orc
  4494 | D:5      | Reached XP level 7. HP: 46/46 MP: 6/13
  4766 | D:5      | Noticed Eustachio
  4771 | D:5      | Killed Eustachio
  4967 | D:5      | Reached skill level 7 in Conjurations
  5007 | D:5      | Reached XP level 8. HP: 52/52 MP: 5/15
  5113 | D:5      | Reached skill level 5 in Spellcasting
  5113 | D:5      | Reached skill level 5 in Translocations
  5627 | D:6      | Noticed Prince Ribbit
  5632 | D:6      | Killed Prince Ribbit
  5855 | D:6      | Identified the +2 hat "Liozim" {Stlth+}
  6024 | D:6      | Noticed Pikel
  6079 | D:6      | Killed Pikel
  6080 | D:6      | Reached skill level 8 in Conjurations
  6080 | D:6      | Gained mutation: You have sharp toenails. [demonic
                  | ancestry]
  6080 | D:6      | Reached XP level 9. HP: 50/57 MP: 3/18
  6343 | D:6      | Found Pefuzyi's Practical Paraphernalia.
  6713 | D:6      | Found a hazy altar of Hepliaklqana.
  6713 | D:6      | Found a sparkling altar of Nemelex Xobeh.
  6714 | D:6      | Found a sacrificial altar of Ru.
  6811 | D:6      | Found Zuud's Assorted Antiques.
  6819 | D:6      | Bought a scroll labelled EFRENE AWNOMA for 19 gold pieces
  6819 | D:6      | Bought a scroll labelled WEULLY LOIRR for 19 gold pieces
  7302 | D:7      | Found a staircase to the Ecumenical Temple.
  7322 | Temple   | Entered the Ecumenical Temple
  7392 | Temple   | Became a worshipper of Kikubaaqudgha
  7597 | D:7      | Reached skill level 1 in Necromancy
  8019 | D:7      | Reached skill level 9 in Conjurations
  8196 | D:8      | Found a snail-covered altar of Cheibriados.
  8896 | D:8      | Found Empiamueg's Assorted Antiques.
  9048 | D:8      | Reached XP level 10. HP: 63/63 MP: 14/20
  9171 | D:9      | Reached * piety under Kikubaaqudgha
  9171 | D:9      | Received a gift from Kikubaaqudgha
  9177 | D:9      | Reached skill level 10 in Conjurations
  9280 | D:9      | Learned a level 2 spell: Sublimation of Blood
  9298 | D:9      | Noticed a two-headed ogre
  9311 | D:9      | Killed a two-headed ogre
  9474 | D:9      | Noticed Grum
  9479 | D:9      | Killed Grum
  9554 | D:9      | Reached skill level 5 in Necromancy
  9557 | D:9      | Reached skill level 11 in Conjurations
  9891 | D:9      | Reached ** piety under Kikubaaqudgha
 10049 | D:9      | Found a shimmering altar of Xom.
 10173 | D:10     | Entered Level 10 of the Dungeon
 10286 | D:10     | Found a staircase to the Lair.
 10291 | D:10     | Reached XP level 11. HP: 65/68 MP: 17/23
 10674 | D:10     | Reached skill level 12 in Conjurations
 10980 | D:10     | Reached *** piety under Kikubaaqudgha
 10980 | D:10     | Received a gift from Kikubaaqudgha
 11049 | D:10     | Found a staircase to the Orcish Mines.
 11527 | D:10     | Learned a level 4 spell: Hailstorm
 12075 | D:11     | Noticed Psyche
 12086 | D:11     | Killed Psyche
 12161 | D:11     | Noticed a two-headed ogre
 12168 | D:11     | Reached skill level 1 in Fighting
 12780 | D:11     | Noticed a two-headed ogre
 12802 | D:11     | Reached **** piety under Kikubaaqudgha
 12807 | D:11     | Killed a two-headed ogre
 12808 | D:11     | Gained mutation: Your demonic aura often causes spilled
                  | blood to erupt in flames. [demonic ancestry]
 12808 | D:11     | Reached XP level 12. HP: 44/78 MP: 5/25
 13159 | D:11     | Killed a two-headed ogre
 13260 | D:11     | Reached skill level 13 in Conjurations
 13332 | D:11     | Noticed a two-headed ogre
 13345 | D:11     | Killed a two-headed ogre
 13496 | D:11     | Found a large runed translucent door.
 13496 | D:11     | Found a large runed translucent door.
 14172 | D:11     | Noticed Cykl0x's ghost (journeyman GrTm)
 14328 | D:12     | Noticed a two-headed ogre
 14338 | D:12     | Killed a two-headed ogre
 14800 | D:12     | Noticed a seven-headed hydra
 14804 | D:12     | Killed a seven-headed hydra
 14921 | D:12     | Noticed Urug
 14935 | D:12     | Killed Urug
 15131 | D:12     | Noticed a four-headed hydra
 15140 | D:12     | Killed a four-headed hydra
 15644 | D:13     | Noticed a yaktaur captain
 15724 | D:13     | Shot with a bolt by a yaktaur captain

Illustrated notes

Levels and vault maps discovered:
D:1:      roderic_crop_circles_arrival_small, layout_loops_ring
D:2:      cheibrodos_old_hovel, layout_rooms, hellmonk_ecumenical_altar_zigzags,
          uniq_crazy_yiuf_cottage
D:3:      layout_loops_ring, trog_book
D:4:      layout_rooms, nicolae_gozag_conspicuous_consumption,
          old_standard_altar, corexii_hall_statues_x
D:5:      layout_gridville, uniq_blork_the_orc, uniq_eustachio
D:6:      layout_basic, gammafunk_temple_overflow_claw, serial_shops, shop,
          nicolae_alphabet_shops, palyth_stone_intersect, uniq_prince_ribbit1,
          uniq_pikel
D:7:      layout_loops_ring, minmay_temple_entry_ruins
D:8:      layout_loops_cross, lemuel_coloured_pillars_altar, serial_shops,
          nicolae_shop_statue_plus
D:9:      layout_roguey, xom_confusion_cloud, grunt_decor_junction, uniq_grum
D:10:     layout_loops_cross, minmay_lair_entry_grove, erik_orc_1
D:11:     layout_stronghold, ebering_ghost_disaster_area, grunt_potential,
          uniq_psyche
D:12:     layout_cross, minivault_16, tso_oasis_becter, uniq_urug
D:13:     layout_long_grid, david_vaults_2, serial_shops, shop
Temple:   eino_temple_lava

Skill      XL: |  1  2  3  4  5  6  7  8  9 10 11 12 |
---------------+-------------------------------------+-----
Conjurations   | 5 6 7 8 9 11 12 13 | 13.7
Spellcasting   | 3 4 6 7 8 9 |  9.9
Translocations | 1 3 4 6 7 |  7.6
Necromancy     | 3 5 7 8 |  8.9
Dodging        | 2 4 |  4.5
Fighting       | 2 4 |  4.3
Stealth        | |  1.7

Action                   |  1- 3 |  4- 6 |  7- 9 | 10-12 || total
-------------------------+-------+-------+-------+-------++-------
Melee: Mace              |    21 |       |       |       ||    21
 Cast: Magic Dart        |    73 |    52 |    47 |    14 ||   186
       Searing Ray       |     3 |    17 |    57 |   104 ||   181
       Iskenderun's Myst |       |       |     4 |    62 ||    66
       Sublimation of Bl |       |       |       |    15 ||    15
       Hailstorm         |       |       |       |     4 ||     4
  Use: Scroll            |     3 |     1 |    10 |     4 ||    18
       Potion            |     1 |       |       |     1 ||     2
Armor: Robe              |     9 |     1 |       |       ||    10
       Leather armour    |       |     1 |     1 |       ||     2
       Steam dragon scal |       |       |    11 |    64 ||    75
Dodge: Dodged            |    16 |     1 |    21 |    66 ||   104
